 Dungeon Crawl Stone Soup version 0.30-a0-137-gd8773701ce (webtiles) character file.

Game seed: 4419951727234827345

870 Dreamer the Changer (level 8, -1/50 HPs)
             Began as an Octopode Transmuter on Sept 22, 2022.
             Was a Believer of Cheibriados.
             Shot with an arrow by a centaur (10 damage)
             ... on level 6 of the Dungeon.
             The game lasted 00:18:50 (5838 turns).

Dreamer the Changer (Octopode Transmuter)           Turns: 5838, Time: 00:18:51

Health: -1/50      AC:  1    Str: 13    XL:     8   Next: 3%
Magic:  12/12      EV: 14    Int: 31    God:    Cheibriados [**....]
Gold:   312        SH:  0    Dex: 17    Spells: 8/13 levels left

rFire   + . .      SeeInvis .    k - +9 whip of Juckopa Zazu {freeze, rF+ Int+4}
rCold   . . .      Faith    .    (no shield)
rNeg    . . .      Spirit   .    c - +0 hat
rPois   .          Reflect  .    (no amulet)
rElec   .          Harm     .    o - +6 ring of intelligence
rCorr   .          Rampage  .    (no ring)
Will    .....                    (no ring)
Stlth   +++.......               (no ring)
HPRegen 0.16/turn                (no ring)
MPRegen 0.13/turn                (no ring)
                                 (no ring)
                                 (no ring)

@: very slow
A: almost no armour, amphibious, 8 rings, camouflage 1, gelatinous body 1,
(nimble swimmer 1), tentacles
a: Renounce Religion, Bend Time


You were on level 6 of the Dungeon.
You worshipped Cheibriados.
Cheibriados was pleased with you.
You visited 2 branches of the dungeon, and saw 7 of its levels.

You collected 312 gold pieces.

Inventory:

Hand Weapons
 k - the +9 whip of Juckopa Zazu (weapon) {freeze, rF+ Int+4}
   (You found it on level 2 of the Dungeon)

   It freezes those it strikes, dealing additional cold damage.
   It can also slow down cold-blooded creatures.
   Int:       It affects your intelligence (+4).
   rF:        It protects you from fire.
Missiles
 j - 5 silver javelins
 l - 6 javelins (quivered)
Armour
 c - a +0 hat (worn)
Jewellery
 o - a +6 ring of intelligence (left tentacle)
Wands
 m - a wand of flame (19)
 v - a wand of roots (8)
Scrolls
 b - 2 scrolls of blinking {unknown}
 f - a scroll of enchant weapon {unknown}
 i - a scroll of noise {unknown}
 q - 2 scrolls of butterflies
 s - a scroll of summoning {unknown}
 u - 3 scrolls of teleportation
 w - 2 scrolls of torment {unknown}
 x - a scroll of silence {unknown}
 y - a scroll of immolation {unknown}
 z - a scroll of magic mapping {unknown}
 B - a scroll of amnesia {unknown}
 C - a scroll of brand weapon {unknown}
Potions
 a - 2 potions of lignification
 d - 2 potions of brilliance
 e - 2 potions of ambrosia
 g - 2 potions of magic
 h - 2 potions of curing
 n - a potion of berserk rage
 p - a potion of heal wounds {unknown}
 r - 2 potions of attraction
 A - a potion of might


   Skills:
 + Level 2.1 Fighting
 + Level 2.7 Dodging
 * Level 4.1 Unarmed Combat
 * Level 3.1 Spellcasting
 - Level 6.5 Transmutations
 - Level 3.0 Ice Magic
 + Level 1.5 Invocations


You had 8 spell levels left.
You knew the following spells:

 Your Spells              Type           Power      Damage    Failure   Level
a - Beastly Appendage     Tmut           90%        N/A       1%          1
b - Ice Form              Ice/Tmut       34%        N/A       10%         4

Your spell library contained the following spells:

 Spells                   Type           Power      Damage    Failure   Level
 Freeze                   Ice            92%        1d10      1%          1
 Wereblood                Tmut           45%        N/A       1%          2
 Spider Form              Tmut/Pois      25%        N/A       5%          3
 Frozen Ramparts          Ice            46%        1d7       6%          3
 Apportation              Tloc           8%         N/A       7%          1
 Necrotise                Necr           16%        1d4       7%          1
 Summon Small Mammal      Summ           16%        N/A       7%          1
 Ignite Poison            Fire/Tmut/Pois 18%        N/A       9%          3
 Call Canine Familiar     Summ           4%         N/A       21%         3
 Inner Flame              Hex/Fire       4%         N/A       21%         3
 Summon Guardian Golem    Hex/Summ       4%         N/A       21%         3
 Vampiric Draining        Necr           4%         2d6       21%         3
 Hailstorm                Conj/Ice       14%        3d5       34%         4
 Alistair's Intoxication  Tmut/Pois      16%        N/A       43%         5
 Cause Fear               Hex            2%         N/A       54%         4
 Sticky Flame             Conj/Fire      4%         2d3       54%         4
 Agony                    Necr           4%         N/A       88%         5
 Discord                  Hex            2%         N/A       100%        8


Dungeon Overview and Level Annotations

Branches:
Dungeon (6/15)             Temple (1/1) D:4

Altars:
Ashenzari
Cheibriados
Elyvilon
Fedhas
Gozag
Kikubaaqudgha
Makhleb
Okawaru
Qazlal
Ru
Trog
Uskayaw
Vehumet
Wu Jian
Xom
Zin

Shops:
D:1 (   D:3 (   D:4 *   D:5 *

Annotations:
D:4 3 runed translucent doors, exclusion: 3 doors, karf's ghost, amateur DsHW


Innate Abilities, Weirdness & Mutations

You cannot wear most types of armour.
You are amphibious.
You can wear up to eight rings at the same time.
Your skin changes colour to match your surroundings (Stealth+).
Your rubbery body absorbs attacks. (AC +1, EV +1)
((You are camouflaged when in or above water. (Stealth+)))
You have tentacles for arms and can constrict up to eight enemies at once.


Message History

Casting: Ice Form (quite dangerous; 10% risk of failure)
Confirm with . or Enter, or press ? or * to list all spells.
The spell is quite dangerous to miscast (10% risk of failure)!
Continue anyway?
Okay, then.
Casting: Ice Form (quite dangerous; 10% risk of failure)
Confirm with . or Enter, or press ? or * to list all spells.
The spell is quite dangerous to miscast (10% risk of failure)!
Continue anyway?
You turn into a creature of crystalline ice.
The +9 whip of Juckopa Zazu {freeze, rF+ Int+4} melds into your body.
Your +0 hat melds into your body.
The +9 whip of Juckopa Zazu {freeze, rF+ Int+4} stops glowing.
You punch the scorpion! You freeze the scorpion.
The scorpion is heavily wounded.
The scorpion barely misses you.
You punch the scorpion! You freeze the scorpion.
You kill the scorpion!
Cheibriados thoroughly appreciates the change of pace.
You have reached level 8!
Found a scroll of teleportation.
u - 3 scrolls of teleportation (gained 1) Magic restored.
You hear the brisk rusting of a distant drain.
Your transformation is almost over.
You warm up again.
The +9 whip of Juckopa Zazu {freeze, rF+ Int+4} unmelds from your body.
Your +0 hat unmelds from your body.
The +9 whip of Juckopa Zazu {freeze, rF+ Int+4} glows with a cold blue light!
HP restored.
There is an open door here.
You hear the brisk rusting of a distant drain.
Found 7 stones.
A centaur comes into view. x2
The centaur shouts!
The centaur wields a +0 shortbow.
The centaur shoots an arrow.
The arrow hits you!
The centaur shoots an arrow.
The arrow hits you!
The centaur shoots an arrow.
The arrow hits you.
The centaur shoots an arrow.
The arrow hits you!
* * * LOW HITPOINT WARNING * * *
The centaur shoots an arrow.
The arrow hits you!
You die...

#........
....... ....(.
#....# #..c.#
##########..c.#
.......@....#
#######.....#
#.....##
#......##
#.......#
#.....#.#
#.....#.# ###
#.....#.# #..
#.....#.# #..


You could see 2 centaurs.

Vanquished Creatures
  A water moccasin (D:6)
  3 ogres
  A necrophage (D:5)
  A scorpion (D:6)
  3 orc priests
  Ijyb (D:3)
  An iguana (D:5)
  3 orc wizards
  4 gnolls (D:5)
  5 adders
  3 dart slugs
  17 orcs
  4 ball pythons
  6 bats
  5 endoplasms
  2 giant cockroaches
  12 goblins
  4 hobgoblins
  6 jackals (D:2)
  4 quokkas
  2 frilled lizards
  8 kobolds
  5 rats
101 creatures vanquished.

Vanquished Creatures (others)
  3 fungi (D:4)
  A plant (D:4)
4 creatures vanquished.

Grand Total: 105 creatures vanquished

Notes
Turn   | Place    | Note
-------+----------+-------------------------------------------
     0 | D:1      | Dreamer the Octopode Transmuter began the quest for the
                  | Orb.
     0 | D:1      | Reached XP level 1. HP: 13/13 MP: 3/3
    51 | D:1      | Found Izxamone's Antique Weapon Boutique.
   341 | D:1      | Reached XP level 2. HP: 12/18 MP: 5/5
   853 | D:2      | Reached skill level 1 in Ice Magic
   913 | D:2      | Reached skill level 3 in Transmutations
   967 | D:2      | Reached XP level 3. HP: 15/23 MP: 6/6
  1268 | D:2      | Identified the +9 whip of Juckopa Zazu {freeze, rF+ Int+4}
  2009 | D:3      | Reached XP level 4. HP: 28/28 MP: 7/7
  2544 | D:3      | Noticed Ijyb
  2556 | D:3      | Killed Ijyb
  2557 | D:3      | Reached skill level 4 in Transmutations
  2690 | D:3      | Found a burning altar of Makhleb.
  2831 | D:3      | Found Fomogasm's Antique Weapon Boutique.
  2852 | D:3      | Reached XP level 5. HP: 22/33 MP: 8/8
  3035 | D:4      | Learned a level 4 spell: Ice Form
  3052 | D:4      | Found a staircase to the Ecumenical Temple.
  3091 | Temple   | Entered the Ecumenical Temple
  3091 | Temple   | Found a transporter.
  3091 | Temple   | Found a transporter.
  3093 | Temple   | Found a transporter.
  3093 | Temple   | Found a transporter.
  3171 | D:4      | Found a snail-covered altar of Cheibriados.
  3176 | D:4      | Became a worshipper of Cheibriados the Contemplative
  3222 | D:4      | Found a runed translucent gate.
  3222 | D:4      | Found a runed translucent gate.
  3222 | D:4      | Found a runed translucent gate.
  3224 | D:4      | Noticed karf's ghost (amateur DsHW)
  3226 | D:4      | Noticed a kobold brigand
  3279 | D:4      | Noticed an ogre
  3288 | D:4      | Killed an ogre
  3378 | D:4      | Reached skill level 5 in Transmutations
  3423 | D:4      | Reached XP level 6. HP: 16/38 MP: 4/9
  3768 | D:4      | Identified the +3 robe of the Unbroken {rN+ Will- Int+3}
  3781 | D:4      | Found a sacrificial altar of Ru.
  3840 | D:4      | Found Mujoroad's Assorted Antiques.
  4143 | D:5      | Entered Level 5 of the Dungeon
  4157 | D:5      | Reached * piety under Cheibriados
  4165 | D:5      | Reached skill level 6 in Transmutations
  4519 | D:5      | Reached XP level 7. HP: 43/43 MP: 10/10
  4821 | D:5      | Found a shimmering altar of Xom.
  5129 | D:5      | Found Ezuativ's Mass Market.
  5494 | D:5      | Found a radiant altar of Vehumet.
  5609 | D:6      | Reached ** piety under Cheibriados
  5610 | D:6      | Reached skill level 1 in Invocations
  5734 | D:6      | Reached XP level 8. HP: 43/50 MP: 7/12
  5838 | D:6      | Shot with an arrow by a centaur

Illustrated notes

Levels and vault maps discovered:
D:1:      lightli_arrival_quake, layout_loops_cross, serial_shops,
          nicolae_shop_stone
D:2:      layout_loops_cross
D:3:      minmay_bubble_buster, layout_rooms, mainiacjoe_overflow_tiny_flanked,
          serial_shops, shop, uniq_ijyb
D:4:      layout_rooms, mainiacjoe_overflow_alcove_2, kennysheep_little_box,
          minmay_temple_entry_offerings, serial_shops, shop,
          gammafunk_ghost_nasty_kobolds
D:5:      layout_rooms, nicolae_overflow_hidden_temple, lemuel_tele_altar,
          minmay_shop_mass
D:6:      layout_basic, portal_sewer_entry_b, corexii_checkpoint_a
Temple:   hellmonk_temple_divided_pantheon

Skill      XL: |  1  2  3  4  5  6  7 |
---------------+----------------------+-----
Ice Magic      | 1 2 3 |  3.0
Transmutations | 3 4 5 6 |  6.5
Invocations    | 1 |  1.5
Fighting       | 2 |  2.1
Unarmed Combat | 4 |  4.1
Spellcasting   | 3 |  3.1
Dodging        | |  2.7

Action                   |  1- 3 |  4- 6 |  7- 9 || total
-------------------------+-------+-------+-------++-------
Melee: Unarmed           |     6 |    22 |    11 ||    39
       Tentacles         |     6 |    10 |     5 ||    21
       Dagger            |     4 |       |       ||     4
       Constrict         |     8 |    12 |     4 ||    24
       Whip              |    24 |    52 |    22 ||    98
       Quarterstaff      |     6 |       |       ||     6
       Punch             |     2 |     2 |     1 ||     5
 Fire: Sling             |    47 |       |       ||    47
Throw: Javelin           |       |     2 |     2 ||     4
 Cast: Beastly Appendage |     1 |       |       ||     1
       Ice Form          |       |     3 |     3 ||     6
  Use: Scroll            |       |     2 |     5 ||     7
       Potion            |       |     1 |       ||     1
 Stab: Sleeping          |     4 |     4 |       ||     8
Armor: Skin              |     6 |     7 |       ||    13
Dodge: Dodged            |    53 |    25 |     7 ||    85

Table legend: (Time is in decaauts)
 A = Elapsed time spent in this place.
 B = Non-inter-level travel time spent in this place.
 C = Inter-level travel time spent in this place.
 D = Time resting spent in this place.
 E = Time spent auto-exploring this place.
 F = Levels seen in this place.
 G = Mean time per level.
                   A        B        C        D        E       F      G
               +--------+--------+--------+--------+--------+-----+--------+
         Total |   6393 |   6239 |    154 |   1765 |   3217 |   7 |  913.3 |
       Dungeon |   6356 |   6202 |    154 |   1765 |   3217 |   6 | 1059.3 |
        Temple |     36 |     36 |      0 |      0 |      0 |   1 |   36.0 |
               +--------+--------+--------+--------+--------+-----+--------+

Top non-repeatable levels by time:
     D:5: 1482 daAuts
     D:4: 1481 daAuts
     D:2: 1131 daAuts
     D:3: 1087 daAuts
     D:1: 834 daAuts
     D:6: 338 daAuts
  Temple: 36 daAuts
